 Dungeon Crawl Stone Soup version 0.27.0-1-g7a089689b8 (console) character file.

Game seed: 1786669172615856941

5689 om the Basher (level 10, -4/121 HPs)
             Began as a Palentonga Berserker on Aug 6, 2021.
             Was a High Priest of Trog.
             Succumbed to Sonja's poison
             ... on level 9 of the Dungeon.
             The game lasted 00:20:14 (8225 turns).

om the Basher (Palentonga Berserker)                Turns: 8225, Time: 00:20:15

Health: -4/121     AC: 11    Str: 24    XL:     10   Next: 47%
Magic:  10/10      EV:  9    Int:  8    God:    Trog [*****.]
Gold:   670        SH:  0    Dex: 11    Spells: 9/9 levels left

rFire    . . .     SeeInvis +   e - +2 whip (elec)
rCold    . . .     Faith    .   (no shield)
rNeg     . . .     Spirit   .   (no armour)
rPois    .         Reflect  .   y - +1 helmet {SInv}
rElec    .         Harm     .   (no cloak)
rCorr    +         Rampage  .   s - +0 pair of gloves
Will     .....                  n - +0 barding "Wasarph" {+Inv Regen+ rCorr Str+2}
Stlth    ..........             (no amulet)
HPRegen  1.30/turn              (no ring)
MPRegen  0.12/turn              (no ring)

@: berserking (expiring), lethally poisoned (-4 -> -63), slowed
A: large, rugged brown scales 3, see invisible, deformed body, roll 1, armoured
tail, reflexive curl
a: Rolling Charge, Renounce Religion, Evoke Invisibility, Berserk, Trog's Hand,
Brothers in Arms


You were on level 9 of the Dungeon.
You worshipped Trog.
Trog was extremely pleased with you.
You visited 1 branch of the dungeon, and saw 10 of its levels.

You collected 670 gold pieces.

Inventory:

Hand Weapons
 a - a +0 mace
 e - a +2 whip of electrocution (weapon)
 x - a +2 flail of holy wrath
Armour
 b - a +0 tower shield
 n - the +0 barding "Wasarph" (worn) {+Inv Regen+ rCorr Str+2}
   (You acquired it on level 4 of the Dungeon)

   Str:       It affects your strength (+2).
   +Inv:      It lets you turn invisible.
   Regen:     It increases your rate of health regeneration.
   rCorr:     It protects you from acid and corrosion.
 s - a +0 pair of gloves (worn)
 y - a +1 helmet of see invisible (worn)
Jewellery
 z - a ring of protection from cold
Wands
 d - a wand of flame (76)
 v - a wand of iceblast (7)
Scrolls
 l - 3 scrolls of teleportation
 m - 3 scrolls of fog
 q - a scroll of magic mapping
 w - 4 scrolls of enchant armour
Potions
 c - 2 potions of resistance
 f - 3 potions of ambrosia
 g - 7 potions of curing
 h - a potion of attraction {unknown}
 i - 3 potions of flight
 j - 3 potions of heal wounds
 k - 2 potions of cancellation
 o - a potion of invisibility
 p - a potion of degeneration {unknown}
 r - a potion of berserk rage
 t - 2 potions of lignification
 u - 3 potions of haste


   Skills:
 - Level 6.0 Fighting
 * Level 8.8 Maces & Flails
 - Level 6.0 Armour
 - Level 6.0 Dodging
 * Level 6.3 Shields


You had 9 spell levels left.
You didn't know any spells.
Your spell library was empty.

Dungeon Overview and Level Annotations

Branches:
Dungeon (10/15)            Temple (0/1) D:7
   Lair: D:8-11         Orc: D:9-12

Altars:
Dithmenos
Elyvilon
Gozag
Kikubaaqudgha
Okawaru
Qazlal
Vehumet
Zin
Beogh

Shops:
D:4 =

Annotations:
D:9 Sonja
D:10 3 runed translucent doors, robertstho's ghost, novice DjFE


Innate Abilities, Weirdness & Mutations

You are completely covered in rugged brown scales. (AC +3, +7% HP)
You have supernaturally acute eyesight. (SInv)
Armour fits poorly on your strangely shaped body.
You can roll at nearby foes to attack.
You have a long armoured tail.
You curl defensively after being hit.


Message History

The killer bee poisons you! Sonja hits you but does no damage.
You are more poisoned.
Sonja hits you with a +1 dagger of venom.
You are more poisoned.
Sonja hits you with a +1 dagger of venom.
You are more poisoned.
The killer bee barely misses you.
You closely miss Sonja.
You feel extremely sick. Sonja hits you but does no damage.
You are more poisoned.
Sonja hits you but does no damage.
You are lethally poisoned!
Sonja hits you with a +1 dagger of venom.
The killer bee stings you but does no damage.
You completely miss Sonja.
Your tail-slap misses Sonja.
You feel extremely sick. The killer bee stings you. Sonja barely misses you.
Sonja hits you but does no damage.
You are more poisoned.
Sonja completely misses you.
You whack Sonja!
Sonja is heavily wounded.
* * * LOW HITPOINT WARNING * * *
You feel extremely sick. The killer bee stings you.
* * * LOW HITPOINT WARNING * * *
Sonja hits you but does no damage. x2
You are more poisoned.
Sonja hits you but does no damage.
You are more poisoned.
You are too berserk!
You are too berserk!
Okay, then.
* * * LOW HITPOINT WARNING * * *
You feel extremely sick.
Sonja mumbles some strange words.
Sonja blinks!
The killer bee stings you but does no damage.
You feel a strong urge to attack something.
You die...

#...# #...# #...# #...#
#############...#
............!...#################
.................................
...............................##
########.......................#
#.......................#
#......>.@y>§...........#
#...........†...........#
#.......................#
#.......................#
########.......................#
.......................K.......##
.................................
########..#######################
#..# #..# #..#


You could see Sonja and a killer bee.

Vanquished Creatures
  Harold (D:7)
  A hornet (D:9)
  A shadow (D:9)
  A wyvern (D:7)
  A wraith (D:9)
  3 yaks (D:8)
  Menkaure (D:5)
  2 steam dragons
  2 acid dragons
  Duvessa (D:4)
  2 orc warriors
  An ice beast (D:5)
  2 centaurs
  2 phantoms
  Blork the orc (D:4)
  A bullfrog (D:7)
  2 kobold brigands
  A gnoll sergeant (D:8)
  A wyvern zombie (D:7)
  A water moccasin zombie (D:7)
  2 scorpions
  Dowan (D:4)
  15 killer bees
  2 bullfrog zombies
  A human zombie (D:7)
  6 centaur zombies
  6 hounds
  A jelly (D:7)
  7 orc priests
  A centaur skeleton (D:4)
  Natasha (thrice) (D:4)
  2 iguanas
  2 orc wizards (D:8)
  3 killer bee zombies (D:7)
  3 hound skeletons
  A hound zombie (D:5)
  2 mummies (D:7)
  A howler monkey zombie (D:7)
  5 gnolls (D:8)
  A howler monkey skeleton (D:4)
  8 adders
  A shadow imp (D:5)
  A white imp (D:6)
  A worm (D:2)
  44 orcs
  5 bats
  5 endoplasms
  3 giant cockroaches
  6 goblins
  6 hobgoblins
  11 jackals
  11 kobolds
  A quokka (D:4)
  7 ball pythons
  3 rats
206 creatures vanquished.

Vanquished Creatures (others)
  4 fungi (D:1)
  3 plants (D:1)
  4 toadstools (D:1)
11 creatures vanquished.

Grand Total: 217 creatures vanquished

Notes
Turn   | Place    | Note
-------+----------+-------------------------------------------
     0 | D:1      | om the Palentonga Berserker began the quest for the Orb.
     0 | D:1      | Reached XP level 1. HP: 19/19 MP: 1/1
   135 | D:1      | Found a faded altar of an unknown god.
   191 | D:1      | Reached XP level 2. HP: 18/25 MP: 2/2
   368 | D:1      | HP: 1/25 [hobgoblin (19)]
  1073 | D:2      | Reached XP level 3. HP: 24/31 MP: 3/3
  1366 | D:2      | Reached ** piety under Trog
  2026 | D:3      | Found a white marble altar of Elyvilon.
  2113 | D:3      | Reached XP level 4. HP: 36/37 MP: 4/4
  2462 | D:3      | Reached skill level 4 in Maces & Flails
  2625 | D:4      | Identified a scroll of acquirement
  2625 | D:4      | Acquired the +0 barding "Wasarph" {+Inv Regen+ rCorr Str+2}
  2661 | D:4      | Found Ocwusulua's Jewellery Shoppe.
  2690 | D:4      | Noticed Natasha
  2709 | D:4      | Killed Natasha
  2710 | D:4      | Reached XP level 5. HP: 43/43 MP: 5/5
  2744 | D:4      | Noticed Natasha
  2754 | D:4      | Killed Natasha
  2789 | D:4      | Noticed Natasha
  2794 | D:4      | Killed Natasha
  2878 | D:4      | Reached skill level 1 in Shields
  2954 | D:4      | Reached *** piety under Trog
  3109 | D:4      | Reached XP level 6. HP: 51/51 MP: 6/6
  3304 | D:4      | Reached skill level 5 in Maces & Flails
  3686 | D:5      | Entered Level 5 of the Dungeon
  3697 | D:5      | Noticed Dowan
  3698 | D:5      | Noticed Duvessa
  3698 | D:5      | Noticed Blork the orc
  3741 | D:4      | Killed Duvessa
  3742 | D:4      | Gained mutation: You curl defensively after being hit.
                  | [Palentonga growth]
  3742 | D:4      | Reached XP level 7. HP: 57/57 MP: 7/7
  3745 | D:4      | Killed Blork the orc
  3752 | D:4      | Killed Dowan
  3855 | D:5      | Reached skill level 6 in Maces & Flails
  3891 | D:5      | Noticed Menkaure
  3902 | D:5      | Killed Menkaure
  3903 | D:5      | Reached XP level 8. HP: 64/65 MP: 8/8
  3973 | D:5      | Found an iron altar of Okawaru.
  4077 | D:5      | Found an opulent altar of Gozag.
  4141 | D:5      | Found a radiant altar of Vehumet.
  4296 | D:5      | Found a shadowy altar of Dithmenos.
  4301 | D:5      | Reached skill level 5 in Fighting
  4433 | D:6      | Found a stormy altar of Qazlal.
  5264 | D:7      | Noticed Harold
  5273 | D:7      | Killed Harold
  5274 | D:7      | Reached XP level 9. HP: 72/72 MP: 9/9
  5347 | D:7      | Reached **** piety under Trog
  5378 | D:7      | Reached skill level 5 in Armour
  5406 | D:7      | Found an ancient bone altar of Kikubaaqudgha.
  5442 | D:7      | Reached skill level 5 in Dodging
  5494 | D:7      | Reached skill level 7 in Maces & Flails
  5548 | D:7      | Found a staircase to the Ecumenical Temple.
  6066 | D:8      | Found a glowing silver altar of Zin.
  6676 | D:8      | Reached skill level 5 in Shields
  6714 | D:8      | Reached ***** piety under Trog
  7259 | D:8      | Reached XP level 10. HP: 81/81 MP: 10/10
  7513 | D:9      | Reached skill level 8 in Maces & Flails
  7994 | D:10     | Entered Level 10 of the Dungeon
  8124 | D:10     | Noticed Sonja
  8133 | D:10     | Found a runed translucent gate.
  8133 | D:10     | Found a runed translucent gate.
  8133 | D:10     | Found a runed translucent gate.
  8135 | D:10     | Noticed robertstho's ghost (novice DjFE)
  8225 | D:9      | Succumbed to Sonja's poison

Illustrated notes

Levels and vault maps discovered:
D:1:      ldierk_water_garden, layout_basic, shapermc_ecumenical_altar_ellora,
          grunt_decor_junction
D:2:      layout_rooms
D:3:      layout_rooms, mainiacjoe_overflow_brackets
D:4:      layout_basic, serial_glass, glass_columns_c, glass_columns_b,
          glass_columns_c, glass_columns_a, minmay_strange_pillars,
          minmay_strange_pillars, feat_on_display, serial_shops, shop,
          minmay_tree_intersection, amcnicky_mini_corridor_feature,
          grunt_ministairs_14, minmay_pentangle, uniq_natasha
D:5:      layout_cave_pools, grunt_gozag_statues, nicolae_vehumet_altar_sigil,
          lemuel_round_altar, grunt_dithmenos_shadows, uniq_blork_the_orc,
          uniq_duvessa, uniq_menkaure
D:6:      layout_loops_cross, grunt_qazlal_sundering
D:7:      layout_loops_ring, lemuel_mausoleum_altar_kikubaaqudgha,
          minmay_temple_entry_crystal_x, uniq_harold
D:8:      layout_loops_ring, amcnicky_altar_gilded, special_room
          [special_room_orc]
D:9:      layout_long_grid
D:10:     layout_basic, ebering_ghost_rock_garden, serial_shops,
          nicolae_lakefront_shop, evilmike_butchery, uniq_sonja

Skill      XL: |  1  2  3  4  5  6  7  8  9 10 |
---------------+-------------------------------+-----
Dodging        | 2 3 4 5 6 |  6.0
Armour         | 2 3 4 5 6 |  6.0
Maces & Flails | 4 5 6 7 8 |  8.8
Shields        | 1 2 4 5 6 |  6.3
Fighting       | 4 5 6 |  6.0

Action                   |  1- 3 |  4- 6 |  7- 9 | 10-12 || total
-------------------------+-------+-------+-------+-------++-------
Melee: Mace              |    35 |       |       |       ||    35
       Tailslap          |     6 |    14 |    43 |    19 ||    82
       Whip              |    67 |   102 |   295 |   129 ||   593
Invok: Berserk           |     2 |     4 |    11 |     3 ||    20
 Abil: Rolling Charge    |    15 |    11 |    18 |    14 ||    58
Evoke: Wand              |     2 |       |       |       ||     2
  Use: Scroll            |     3 |     3 |    12 |     4 ||    22
       Potion            |       |       |       |     1 ||     1
Armor: Animal skin       |    42 |     2 |       |       ||    44
       Skin              |       |    66 |   120 |    78 ||   264
       Chain mail        |       |     2 |       |       ||     2
Dodge: Dodged            |    85 |    53 |   100 |    97 ||   335
